 Dungeon Crawl Stone Soup version 0.30-a0-1016-gfb0d676c02 (webtiles) character file.

Game seed: 3949359946083469060

1619 ThatPearl the Magician (level 9, -1/65 HPs)
             Began as a Djinni Hedge Wizard on Apr 7, 2023.
             Was a Believer of Makhleb.
             Slain by a gnoll
             ... wielding a +0 hand axe
              (4 damage)
             ... in a bailey.
             The game lasted 00:22:38 (6483 turns).

ThatPearl the Magician (Djinni Hedge Wizard)        Turns: 6483, Time: 00:22:39

Health: -1/65      AC:  4    Str: 15    XL:     9   Next: 17%
Gold:   401        EV: 13    Int: 30    God:    Makhleb [**....] SH:  0 Dex: 12

rFire   + + .      SeeInvis +    I - +7 broad axe of Chagrin {vamp, rElec rC+ Int+4}
rCold   . . .      Faith    .    (no shield)
rNeg    . . .      Spirit   .    q - +1 leather armour of Sloth {Int+5}
rPois   ∞          Reflect  .    c - +0 hat
rElec   +          Rampage  .    (no cloak)
rCorr   .                        (no gloves)
Will    .....                    (boots unavailable)
Stlth   +                        (no amulet)
HPRegen 0.30/turn                g - +6 ring of strength
MPRegen 0.00/turn                C - ring of see invisible

@: flying
A: sickness immunity, fire resistance 2, cold vulnerability 1, float, innate
caster, HP casting, extra vitality 1
a: Renounce Religion, Minor Destruction


You were in a bailey.
You worshipped Makhleb.
Makhleb was pleased with you.
You visited 2 branches of the dungeon, and saw 8 of its levels.
You also visited: Bailey.

You collected 401 gold pieces.

Inventory:

Hand Weapons
 o - a +1 dagger of speed
 u - a +2 short sword of electrocution
 x - the +1 mace of a bailey {antimagic, rC+ Str+5}
   (You found it on level 4 of the Dungeon)

   Str:       It affects your strength (+5).
   rC:        It protects you from cold.
 I - the +7 broad axe of Chagrin (weapon) {vamp, rElec rC+ Int+4}
   (You found it in a bailey)

   Int:       It affects your intelligence (+4).
   rC:        It protects you from cold.
   rElec:     It insulates you from electricity.
Missiles
 j - 31 stones
 y - 13 poisoned darts
 z - 3 curare-tipped darts
Armour
 b - a +0 robe
 c - a +0 hat (worn)
 q - the +1 leather armour of Sloth (worn) {Int+5}
   (You found it on level 2 of the Dungeon)

   Int:       It affects your intelligence (+5).
Jewellery
 g - a +6 ring of strength (left hand)
 m - a ring of positive energy
 C - a ring of see invisible (right hand)
 E - a ring of protection from cold
Wands
 v - a wand of mindburst (4)
 F - a wand of iceblast (21)
Scrolls
 a - 3 scrolls of immolation {unknown}
 f - 4 scrolls of teleportation {unknown}
 h - 4 scrolls of identify {unknown}
 k - 2 scrolls of blinking {unknown}
 n - 2 scrolls of fog {unknown}
 r - 3 scrolls of noise {unknown}
 w - a scroll of torment {unknown}
 B - 2 scrolls of magic mapping {unknown}
 D - a scroll of enchant weapon {unknown}
 G - a scroll of acquirement {unknown}
Potions
 d - 3 potions of degeneration {unknown}
 e - 5 potions of curing
 i - 2 potions of attraction {unknown}
 l - a potion of resistance {unknown}
 p - 4 potions of heal wounds {unknown}
 s - a potion of might {unknown}
 t - a potion of cancellation {unknown}
 A - a potion of magic {unknown}
 H - a potion of mutation {unknown}


   Skills:
 + Level 5.4 Fighting
 + Level 5.9 Dodging
 - Level 1.5 Stealth
 * Level 6.6 Spellcasting


You knew the following spells:

 Your Spells              Type           Power      Damage    Failure   Level
a - Apportation           Tloc           98%        N/A       1%          1
b - Blink                 Tloc           98%        N/A       1%          2
c - Call Imp              Summ           49%        N/A       1%          2
d - Mephitic Cloud        Conj/Pois/Air  49%        N/A       1%          3
e - Passage of Golubria   Tloc           49%        N/A       4%          4
l - Slow                  Hex            100%       N/A       1%          1
m - Magic Dart            Conj           100%       1d8       1%          1
s - Searing Ray           Conj           98%        2d8       1%          2
w - Wereblood             Tmut           49%        N/A       1%          2
Your spell library was empty.

Dungeon Overview and Level Annotations

Branches:
Dungeon (7/15)             Temple (1/1) D:5          Bailey (1/1)

Altars:
Fedhas
Makhleb
Wu Jian

Shops:
D:4 *

Annotations:
D:6 2 transporters, Rendar's ghost, novice HuGl


Innate Abilities, Weirdness & Mutations

You are immune to sickness and miasma.
You are immune to poison.
Your flesh is very heat resistant. (rF++)
You are vulnerable to cold. (rC-)
You float through the air rather than walking.
You learn spells naturally, not from books.
Your magical power is your life essence.
You have superior vitality. (+4 MHP)


Message History

The orc warrior is moderately wounded.
The searing ray hits the kobold!
You kill the kobold!
Makhleb accepts your kill. (Press . to maintain the ray.)
The searing ray hits the orc warrior but does no damage.
The orc warrior is moderately wounded.
The searing ray hits the orc warrior.
The orc warrior is heavily wounded.
A gnoll comes into view. It is wielding a +0 hand axe.
The orc warrior hits you with a +0 war axe.
The searing ray misses the orc warrior.
You finish channelling your searing ray.
The orc warrior hits you with a +0 war axe.
You slash the orc warrior!
You feel better.
The orc warrior is almost dead.
The orc warrior hits you with a +0 war axe!
* * * LOW HITPOINT WARNING * * *
You hit the orc warrior.
You kill the orc warrior!
Makhleb accepts your kill.
Casting: Searing Ray (safe; 1% risk of failure)
Confirm with . or Enter, or press ? or * to list all spells.
Aiming: Searing Ray (safe; 1% risk of failure)
Press: ? - help, Shift-Dir - straight line, f - gnoll
Aim: a gnoll, wielding a +0 hand axe and wearing a +0 leather armour (85% to hit)
The searing ray hits the gnoll.
The gnoll is heavily wounded. (Press . to maintain the ray.)
* * * LOW HITPOINT WARNING * * *
The searing ray misses the gnoll.
* * * LOW HITPOINT WARNING * * *
The gnoll hits you with a +0 hand axe.
* * * LOW HITPOINT WARNING * * *
You closely miss the gnoll.
The gnoll is heavily wounded.
The gnoll hits you with a +0 hand axe!
* * * LOW HITPOINT WARNING * * *
The gnoll hits you with a +0 hand axe.
You die...

####≈≈≈≈≈≈####.ogg...####)≈≈~
#≈≈≈≈≈≈≈..#.K####'####..#.((..~≈
≈≈≈≈≈≈~.###.... .K. ...# #.....
≈≈≈≈≈...# '..### K## #..' .....
####....###..# #..###.....
##...#.#..# ..#....⌠..
##..#'#### ##'#.......
#.......#########).........
##..).....)@g..(..)......#
###########.#############
###!..#...##.# #∩.#........##
#############


You could see a gnoll.

Vanquished Creatures
  Eustachio (D:5)
  Edmund (D:4)
  A sky beast (D:4)
  2 orc warriors (Bailey)
  3 black bears
  A scorpion (D:7)
  2 jellies (D:6)
  A gnoll bouda (D:5)
  2 hounds
  An orc priest (D:6)
  2 iguanas
  3 orc wizards
  7 gnolls
  6 adders
  4 worms
  2 dart slugs
  20 orcs
  3 endoplasms
  4 giant cockroaches
  12 goblins
  8 hobgoblins
  11 jackals (D:4)
  2 quokkas (D:2)
  7 ball pythons
  2 bats
  3 frilled lizards
  12 kobolds
  4 rats
127 creatures vanquished.

Vanquished Creatures (collateral kills)
  A hound (D:6)
  An orc priest (D:5)
  An iguana (D:5)
  Jessica (D:3)
  Terence (D:3)
  Natasha (D:2)
  An orc wizard (D:3)
  A gnoll (D:4)
  An adder (D:2)
  A worm (D:2)
  3 orcs (D:3)
13 creatures vanquished.

Grand Total: 140 creatures vanquished

Notes
Turn   | Place    | Note
-------+----------+-------------------------------------------
     0 | D:1      | ThatPearl the Djinni Hedge Wizard began the quest for the
                  | Orb.
     0 | D:1      | ThatPearl set off with the following spells memorised:
                  | Magic Dart, Slow, Blink, Call Imp, Mephitic Cloud.
     0 | D:1      | Reached XP level 1. HP: 15/15 MP: 0/0
   141 | D:1      | Reached XP level 2. HP: 17/22 MP: 0/0
   374 | D:1      | Reached skill level 1 in Fighting
   621 | D:2      | Reached skill level 3 in Spellcasting
   621 | D:2      | Reached XP level 3. HP: 19/27 MP: 0/0
   621 | D:2      | Learned a level 1 spell: Apportation
   913 | D:2      | Reached XP level 4. HP: 13/33 MP: 0/0
  1060 | D:2      | Found a burning altar of Makhleb.
  1068 | D:2      | Became a worshipper of Makhleb the Destroyer
  1150 | D:2      | Noticed Natasha
  1162 | D:2      | Killed Natasha
  1401 | D:2      | Identified the +1 leather armour of Sloth {Int+5}
  1758 | D:3      | Noticed Terence
  1759 | D:3      | Identified the +3 ring mail of Greed {Contam Harm rF+ rC+}
  1769 | D:3      | Killed Terence
  1770 | D:3      | Reached XP level 5. HP: 31/38 MP: 0/0
  1770 | D:3      | Learned a level 2 spell: Searing Ray
  2138 | D:3      | Found a faded altar of an unknown god.
  2330 | D:3      | Noticed Jessica
  2341 | D:3      | Killed Jessica
  2342 | D:3      | Reached skill level 4 in Spellcasting
  2342 | D:3      | Reached XP level 6. HP: 24/45 MP: 0/0
  2529 | D:4      | Reached * piety under Makhleb
  2647 | D:4      | Identified the +1 mace of a bailey {antimagic, rC+ Str+5}
  2895 | D:4      | Found a blossoming altar of Fedhas.
  2965 | D:4      | Found Yropnavu's Gadget Gallery.
  3105 | D:4      | Noticed a black bear
  3115 | D:4      | Killed a black bear
  3367 | D:4      | Noticed a black bear
  3376 | D:4      | Killed a black bear
  3377 | D:4      | Reached XP level 7. HP: 38/50 MP: 0/0
  3377 | D:4      | Learned a level 2 spell: Wereblood
  3549 | D:4      | Noticed Edmund
  3570 | D:4      | Killed Edmund
  3571 | D:4      | Reached skill level 5 in Spellcasting
  3892 | D:4      | Found an ornate altar of the Wu Jian Council.
  3978 | D:5      | Entered Level 5 of the Dungeon
  3979 | D:5      | Found a staircase to the Ecumenical Temple.
  3990 | Temple   | Entered the Ecumenical Temple
  4021 | D:5      | Noticed Eustachio
  4041 | D:5      | Killed Eustachio
  4042 | D:5      | Reached XP level 8. HP: 40/58 MP: 0/0
  4913 | D:5      | Reached skill level 5 in Dodging
  5261 | D:6      | Noticed a yak
  5261 | D:6      | Noticed a yak
  5276 | D:6      | Noticed a yak
  5277 | D:6      | Noticed a yak
  5364 | D:6      | Noticed Rendar's ghost (novice HuGl)
  5373 | D:6      | Found a transporter.
  5403 | D:6      | Found a transporter.
  5440 | D:6      | Reached skill level 6 in Spellcasting
  5811 | D:6      | Reached skill level 5 in Fighting
  5967 | D:6      | Reached ** piety under Makhleb
  6039 | D:7      | Reached XP level 9. HP: 57/65 MP: 0/0
  6039 | D:7      | Learned a level 4 spell: Passage of Golubria
  6042 | D:7      | Found a flagged portal.
  6137 | Bailey   | Entered a bailey
  6143 | Bailey   | Noticed an orc knight
  6451 | Bailey   | Identified the +7 broad axe of Chagrin {vamp, rElec rC+
                  | Int+4}
  6483 | Bailey   | HP: 3/65 [gnoll/+0 hand axe (9)]
  6483 | Bailey   | Slain by a gnoll

Illustrated notes

Levels and vault maps discovered:
D:1:      giann_forest_graveyard, layout_basic
D:2:      layout_loops_ring, basic_altar, uniq_natasha
D:3:      layout_basic, hellmonk_ecumenical_altar_inner_sanctum, uniq_jessica,
          uniq_terence
D:4:      layout_layer_cave, lemuel_coloured_pillars_altar, old_standard_altar,
          nicolae_shop_gadgets, uniq_edmund
D:5:      layout_loops_corners, minmay_temple_entry_crystal_x, uniq_eustachio
D:6:      layout_rooms, gammafunk_ghost_stat_death, chequers_garden
D:7:      layout_rooms, nicolae_ashenzari_panopticon,
          brannock_xom_greatest_gift, enter_bailey_4,
          minmay_misc_feat_four_crosses, nicolae_figureground_sparkle
Temple:   hellmonk_temple_forest_ring
Bailey:   bailey_axe_4, bailey

Skill      XL: |  1  2  3  4  5  6  7  8 |
---------------+-------------------------+-----
Fighting       | 1 2 3 4 5 |  5.4
Spellcasting   | 3 4 5 6 |  6.6
Dodging        | 3 4 5 |  5.9
Stealth        | |  1.5

Action                     |  1- 3 |  4- 6 |  7- 9 || total
---------------------------+-------+-------+-------++-------
  Melee: Dagger            |    17 |    12 |       ||    29
         Short sword       |       |    22 |       ||    22
         Mace              |       |     1 |    31 ||    32
         Broad axe         |       |       |     6 ||     6
   Cast: Magic Dart        |    66 |    86 |    76 ||   228
         Call Imp          |     4 |     7 |    11 ||    22
         Searing Ray       |       |     9 |    31 ||    40
         Mephitic Cloud    |       |     2 |       ||     2
         Passage of Golubr |       |       |     4 ||     4
  Evoke: Wand              |       |       |     3 ||     3
 Armour: Robe              |    10 |       |       ||    10
         Leather armour    |       |    16 |    31 ||    47
  Dodge: Dodged            |    22 |    29 |    93 ||   144

Table legend: (Time is in decaauts)
 A = Elapsed time spent in this place.
 B = Non-inter-level travel time spent in this place.
 C = Inter-level travel time spent in this place.
 D = Time resting spent in this place.
 E = Time spent auto-exploring this place.
 F = Levels seen in this place.
 G = Mean time per level.
                   A        B        C        D        E       F      G
               +--------+--------+--------+--------+--------+-----+--------+
         Total |   6504 |   6283 |    221 |    728 |   4453 |   9 |  722.7 |
       Dungeon |   6154 |   5933 |    221 |    574 |   4405 |   7 |  879.1 |
        Temple |      1 |      1 |      0 |      0 |      0 |   1 |    1.0 |
        Bailey |    348 |    348 |      0 |    154 |     48 |   1 |  348.0 |
               +--------+--------+--------+--------+--------+-----+--------+

Top non-repeatable levels by time:
     D:4: 1468 daAuts
     D:5: 1201 daAuts
     D:2: 1045 daAuts
     D:3: 868 daAuts
     D:6: 846 daAuts
     D:1: 605 daAuts
  Bailey: 348 daAuts
     D:7: 119 daAuts
  Temple: 1 daAuts
